 Dungeon Crawl Stone Soup version 0.29-a0-923-g6e406bff71 (webtiles) character file.

Game seed: 3177438293779313258

84 Essalna the Insei (level 4, -10/30 HPs)
             Began as an Octopode Transmuter on July 28, 2022.
             Mangled by Sigmund
             ... wielding a +0 scythe
              (12 damage)
             ... on level 2 of the Dungeon.
             The game lasted 00:03:31 (1722 turns).

Essalna the Insei (Octopode Transmuter)             Turns: 1722, Time: 00:03:32

Health: -10/30     AC:  1    Str:  9    XL:     4   Next: 45%
Magic:  7/7        EV: 13    Int: 15    God:
Gold:   60         SH:  0    Dex: 14    Spells: 6/7 levels left

rFire   . . .      SeeInvis .     - Unarmed
rCold   . . .      Faith    .   (no shield)
rNeg    . . .      Spirit   .   (helmet restricted)
rPois   .          Reflect  .   (no amulet)
rElec   .          Harm     .   (no ring)
rCorr   .          Rampage  .   (no ring)
Will    .....                   (no ring)
Stlth   ++........              (no ring)
HPRegen 0.10/turn               (no ring)
MPRegen 0.10/turn               (no ring)
                                (no ring)
                                (no ring)

@: no status effects
A: almost no armour, amphibious, 8 rings, camouflage 1, gelatinous body 1,
(nimble swimmer 1), tentacles
a: no special abilities


You were on level 2 of the Dungeon.
You visited 1 branch of the dungeon, and saw 2 of its levels.

You collected 60 gold pieces.

Inventory:

Scrolls
 d - a scroll of amnesia
Potions
 a - a potion of lignification
 b - a potion of haste
 c - 2 potions of degeneration


   Skills:
 + Level 2.4 Fighting
 - Level 2.0 Dodging
 + Level 3.8 Unarmed Combat
 - Level 2.0 Spellcasting
 + Level 3.0 Transmutations


You had 6 spell levels left.
You knew the following spells:

 Your Spells              Type           Power      Damage    Failure   Level
a - Beastly Appendage     Tmut           20%        N/A       6%          1

Your spell library contained the following spells:

 Spells                   Type           Power      Damage    Failure   Level
 Wereblood                Tmut           10%        N/A       10%         2
 Spider Form              Tmut/Pois      6%         N/A       34%         3
 Ice Form                 Ice/Tmut       6%         N/A       75%         4


Dungeon Overview and Level Annotations

Branches:
Dungeon (2/15)

Altars:

Annotations:
D:2 Sigmund


Innate Abilities, Weirdness & Mutations

You cannot wear most types of armour.
You are amphibious.
You can wear up to eight rings at the same time.
Your skin changes colour to match your surroundings (Stealth+).
Your rubbery body absorbs attacks. (AC +1, EV +1)
((You are camouflaged when in or above water. (Stealth+)))
You have tentacles for arms and can constrict up to eight enemies at once.


Message History

Things that are here:
a +3 quarterstaff of chaos; a +0 cloak Sigmund shouts!
Sigmund gestures at you while chanting.
You are confused.
You see here a potion of haste.
b - a potion of haste You're too confused to cast spells.
Sorry, you're not good enough to have a special ability.
Sigmund casts a spell at you. The puff of flame hits you!
You're too confused to move!
You feel less confused. Sigmund gestures at you while chanting.
You are confused.
Sigmund barely misses you.
Sigmund casts a spell.
Sigmund flickers and vanishes!
Deactivating autopickup; reactivate with Ctrl-A.
You're too confused to move!
You feel less confused. Something hits you. Something hits you!
Found a stone staircase leading down.
You hear some strange, mumbled words.
Something tries to affect you, but you resist.
You hear some strange, mumbled words.
You are confused.
You bump into the rock wall.
You are too confused!
You are too confused!
You are too confused!
You are too confused!
You're too confused to move!
Something hits you!
* * * LOW HITPOINT WARNING * * *
You're too confused to move!
You feel less confused.
There is a stone staircase leading up here.
Something hits you!
You die...

#.........# #.....#
##.........######.....###
.........................
##....>....#..##.........
...........##............
#.##.#.....##............
.#.(#†.####..............
#.##†#.#......##.....>...
#.##.#......####@..###...
.#(.#.....### #...#
#.##)#..### #...# ..
........########...#>..#
....#.#.......##.....#
....................##
....#...................
....#..............#####
..####...........$##


There were no monsters in sight!

Vanquished Creatures
  Crazy Yiuf (D:2)
  2 adders (D:2)
  A dart slug (D:1)
  6 ball pythons (D:1)
  4 bats (D:1)
  An endoplasm (D:2)
  A giant cockroach (D:1)
  3 goblins
  7 hobgoblins
  3 jackals (D:1)
  3 frilled lizards
  A kobold (D:1)
  2 rats
35 creatures vanquished.

Vanquished Creatures (others)
  2 fungi (D:2)
2 creatures vanquished.

Grand Total: 37 creatures vanquished

Notes
Turn   | Place    | Note
-------+----------+-------------------------------------------
     0 | D:1      | Essalna the Octopode Transmuter began the quest for the
                  | Orb.
     0 | D:1      | Reached XP level 1. HP: 13/13 MP: 3/3
   196 | D:1      | Reached XP level 2. HP: 18/18 MP: 5/5
   692 | D:1      | Reached XP level 3. HP: 21/24 MP: 4/6
  1122 | D:2      | Noticed Sigmund
  1449 | D:2      | Found a runed translucent door.
  1452 | D:2      | Noticed Crazy Yiuf
  1466 | D:2      | Killed Crazy Yiuf
  1467 | D:2      | Reached XP level 4. HP: 10/30 MP: 5/7
  1722 | D:2      | Mangled by Sigmund

Illustrated notes

Levels and vault maps discovered:
D:1:      dpeg_arrival_castle, layout_loops_ring
D:2:      layout_rooms, minmay_small_reverse_x, uniq_sigmund,
          uniq_crazy_yiuf_cottage

Skill      XL: |  1  2  3 |
---------------+----------+-----
Fighting       | 2 |  2.4
Transmutations | 3 |  3.0
Dodging        | |  2.0
Unarmed Combat | |  3.8
Spellcasting   | |  2.0

Action                   |  1- 3 |  4- 6 || total
-------------------------+-------+-------++-------
Melee: Unarmed           |    91 |       ||    91
       Constrict         |    26 |       ||    26
       Tentacles         |    20 |       ||    20
       Kick              |    15 |       ||    15
       Punch             |     3 |       ||     3
 Cast: Beastly Appendage |     9 |       ||     9
  Use: Potion            |     3 |       ||     3
       Scroll            |     2 |       ||     2
 Stab: Sleeping          |     7 |       ||     7
       Distracted        |     1 |       ||     1
Armor: Skin              |     6 |       ||     6
Dodge: Dodged            |    55 |     1 ||    56

Table legend: (Time is in decaauts)
 A = Elapsed time spent in this place.
 B = Non-inter-level travel time spent in this place.
 C = Inter-level travel time spent in this place.
 D = Time resting spent in this place.
 E = Time spent auto-exploring this place.
 F = Levels seen in this place.
 G = Mean time per level.
                   A        B        C        D        E       F      G
               +--------+--------+--------+--------+--------+-----+--------+
         Total |   1700 |   1640 |     60 |      0 |   1353 |   2 |  850.0 |
       Dungeon |   1700 |   1640 |     60 |      0 |   1353 |   2 |  850.0 |
               +--------+--------+--------+--------+--------+-----+--------+

Top non-repeatable levels by time:
     D:1: 983 daAuts
     D:2: 717 daAuts
